 Dungeon Crawl Stone Soup version 0.21-a0-361-g4efd3f9 (webtiles) character file.

149 Irenicus the Insei (level 5, -1/36 HPs)
             Began as an Octopode Chaos Knight on Oct 13, 2017.
             Slain by an ogre
             ... wielding a +0 giant club
              (22 damage)
             ... on level 4 of the Dungeon.
             The game lasted 00:04:34 (2225 turns).

Irenicus the Insei (Octopode Chaos Knight)          Turns: 2225, Time: 00:04:36

Health: -1/36      AC:  1    Str: 12    XL:     5   Next: 31%
Magic:  5/5        EV: 13    Int: 14    God:    Xom [..*...]
Gold:   142        SH:  0    Dex: 12    Spells: 4/4 levels left

rFire    . . .     SeeInvis .     - Unarmed
rCold    . . .     Gourm    .   (no shield)
rNeg     . . .     Faith    .   (helmet restricted)
rPois    .         Spirit   .   (no amulet)
rElec    .         Reflect  .   (no ring)
rCorr    .         Harm     .   (no ring)
MR       .....                  (no ring)
Stlth    ++........             (no ring)
HPRegen  0.12/turn              (no ring)
MPRegen  0.09/turn              (no ring)
                                (no ring)
                                (no ring)

@: no status effects
A: almost no armour, stealthy swim, amphibious, 8 rings, constrict 8, camouflage
1, gelatinous body 1
a: Renounce Religion


You were on level 4 of the Dungeon.
You worshipped Xom.
You were a toy of Xom.
You were not hungry.

You visited 1 branch of the dungeon, and saw 4 of its levels.

You collected 142 gold pieces.

Inventory:

Jewellery
 m - an uncursed ring of flight {unknown}
Wands
 p - a wand of lightning (5/15)
Scrolls
 d - 4 scrolls of identify {unknown}
 e - a scroll of enchant armour {unknown}
 h - a scroll of immolation {unknown}
 i - a scroll of blinking {unknown}
 j - a scroll of remove curse {unknown}
 k - a scroll of teleportation {unknown}
 n - a scroll of enchant weapon {unknown}
Potions
 b - a potion of curing
 c - 2 potions of heal wounds {unknown}
 f - a potion of flight {unknown}
 g - a potion of might {unknown}
 l - a potion of brilliance {unknown}
 o - a potion of agility {unknown}
 q - 2 potions of degeneration {unknown}
Comestibles
 a - 2 bread rations
 r - a chunk of flesh


   Skills:
 - Level 3.0 Fighting
 - Level 2.3 Dodging
 + Level 5.8 Unarmed Combat


You had 4 spell levels left.
You didn't know any spells.

Dungeon Overview and Level Annotations

Branches:
Dungeon (4/15)
 Temple: D:4-7

Altars:
Dithmenos


Innate Abilities, Weirdness & Mutations

You cannot wear most types of armour.
You are very stealthy in the water. (Stealth+)
You are amphibious.
You can wear up to eight rings at the same time.
You can use your tentacles to constrict eight enemies at once.
Your skin changes colour to match your surroundings (Stealth+).
Your rubbery body absorbs attacks. (AC +1, EV +1)


Message History

d - 4 scrolls labeled ULEZUI TAYMOSH (gained 1)
Found a stone staircase leading up.
You now have 142 gold pieces (gained 14).
An ogre comes into view. It is wielding a giant club.
An ogre is nearby!
You barely miss the ogre.
The ogre shouts!
The ogre closely misses you.
You tentacle-slap the ogre.
The ogre is moderately wounded.
You barely miss the ogre.
The ogre is moderately wounded.
The ogre hits you with a giant club!
You tentacle-slap the ogre. x2
The ogre is heavily wounded. "Go forth and cause havoc, mortal!"
You feel better. The ogre hits you with a giant club!!
Ouch! That really hurt!
You die...
Xom chuckles heartily!

###########
#######.........#
........###.###.#
##########.<.##.###.#
#...........#
##...##.##### ####O###.#
.########..@.###.##
..................#
.########....###..#######.
<..........###..........
.####........[..#######.
#.(...#.##....##
#...#...##.#...##
##.###............. #.
#.###.#...####


You could see an ogre.

Vanquished Creatures
  Ijyb (D:4)
  5 adders
  2 adder zombies (D:1)
  3 worms (D:2)
  A dart slug (D:1)
  4 leopard geckos
  6 giant cockroaches
  7 goblins
  4 hobgoblins
  7 jackals
  3 kobolds (D:1)
  A quokka (D:4)
  3 bats
  7 frilled lizards
  5 rats
59 creatures vanquished.

Vanquished Creatures (others)
  A goblin (D:1)
1 creature vanquished.

Grand Total: 60 creatures vanquished

Notes
Turn   | Place    | Note
-------+----------+-------------------------------------------
     0 | D:1      | Irenicus the Octopode Chaos Knight began the quest for the Orb.
     0 | D:1      | Reached XP level 1. HP: 16/16 MP: 1/1
    30 | D:1      | XOM: butterfly on damage
    32 | D:1      | Reached XP level 2. HP: 4/21 MP: 2/2
    45 | D:1      | XOM: harmless Tloc miscast
   120 | D:1      | XOM: divination: detect items
   276 | D:1      | Reached skill level 4 in Unarmed Combat
   279 | D:1      | XOM: divination: detect creatures
   294 | D:1      | Reached XP level 3. HP: 11/26 MP: 3/3
   311 | D:1      | XOM: harmless Necr miscast
   388 | D:1      | XOM: divination: detect items
   720 | D:1      | XOM: mild Ice miscast
   769 | D:1      | XOM: mild Air miscast
   793 | D:1      | XOM: cloud trail
   968 | D:2      | XOM: divination: magic mapping
  1001 | D:2      | Found a shadowy altar of Dithmenos.
  1188 | D:2      | Reached XP level 4. HP: 20/31 MP: 4/4
  1616 | D:3      | Reached skill level 5 in Unarmed Combat
  1664 | D:3      | XOM is BORED!
  1664 | D:3      | XOM: medium Pois miscast
  1683 | D:3      | XOM: harmless Pois miscast
  2081 | D:4      | Reached XP level 5. HP: 24/36 MP: 5/5
  2098 | D:4      | Noticed Ijyb
  2189 | D:4      | Killed Ijyb
  2220 | D:4      | Noticed an ogre
  2225 | D:4      | XOM: potion effect (curing)
  2225 | D:4      | Slain by an ogre

Vault maps used:
D:1:      saegor_arrival_fortress, lemuel_old_faithful
D:2:      small_statue_intersection, nicolae_dithmenos_shadow_blocks
D:4:      okawaru_ov_weapons_minmay, first_bread, uniq_ijyb

Skill      XL: |  1  2  3  4 |
---------------+-------------+-----
Unarmed Combat | 4 5 |  5.8
Fighting       | |  3.0
Dodging        | |  2.3

Action                   |  1- 3 |  4- 6 || total
-------------------------+-------+-------++-------
Melee: Unarmed           |    82 |    75 ||   157
       Constrict         |    19 |    15 ||    34
       Tentacles         |     8 |    10 ||    18
       Punch             |     1 |     1 ||     2
  Use: Potion            |       |     1 ||     1
 Stab: Petrified         |     4 |       ||     4
       Sleeping          |     2 |     8 ||    10
       Distracted        |       |     1 ||     1
  Eat: Chunk             |       |     4 ||     4
Armor: Skin              |     4 |     2 ||     6
Dodge: Dodged            |    41 |    48 ||    89

Table legend:
 A = Spawn XP
 B = Non-spawn XP
 C = Spawn XP percentage of total XP
 D = Spawn monster count
 E = Non-spawn monster count
 F = Spawn count percentage of total count
 G = Total turns spent on level
                    A         B        C        D         E        F      G
               +---------+---------+-------+---------+---------+-------+---------
         Total |       0 |     214 |   0.0 |       0 |      59 |   0.0 |  2225
               +---------+---------+-------+---------+---------+-------+---------
           D:1 |       0 |      49 |   0.0 |       0 |      21 |   0.0 |   955
           D:2 |       0 |      50 |   0.0 |       0 |      17 |   0.0 |   582
           D:3 |       0 |      65 |   0.0 |       0 |      18 |   0.0 |   543
           D:4 |       0 |      50 |   0.0 |       0 |       3 |   0.0 |   145
               +---------+---------+-------+---------+---------+-------+---------
